AoeStats
← GOLDFISH

Arabia

509505164Analyzed
2v2 RM · 7d ago on Sep 27, 2026· 70m 38s· 4 players
Game mode
Random Map
Map size
Medium (4 player)
Population
200
Speed
Normal
Resources
Standard
Victory
Conquest
Starting age
Dark Age
Ending age
Imperial Age
RankedLock teamsTeams togetherTeam positionsShared explorationLock speedFull tech treeHidden civsTurbo modeCheats
Victory
Defeat
🇦🇺 Britons · Australia
870
+37
🇦🇺 Franks · Australia
870
+37
🇦🇷 Vietnamese · Argentina
870
-16
🇨🇱 Khmer · Chile
866
-43
EL AK SIEMPRE AL 10
6:53 Loom
10:22 Feudal Age
15:42 Castle Age
14:18 Double-Bit Axe
15:25 Horse Collar
15:50 Gold Mining
19:53 Wheelbarrow
32:31 Elite Skirmisher
33:16 Padded Archer Armor
43:40 Fletching
45:19 Heavy Plow
45:45 Bow Saw
47:40 Hand Cart
47:41 Town Watch
49:10 Bodkin Arrow
49:30 Leather Archer Armor
53:09 Imperial Age
52:01 Town Patrol
52:22 Scale Mail Armor
52:32 Forging
53:06 Ballistics
52:58 Squires
53:52 Chain Mail Armor
53:16 Imperial Skirmisher
54:05 Thumb Ring
53:31 Elite Fire Lancer
54:39 Bracer
55:10 Ring Archer Armor
55:15 Paper Money
56:05 Plate Mail Armor
56:10 Iron Casting
57:45 Chemistry
GOLDFISH
10:01 Feudal Age
11:57 Loom
19:52 Castle Age
20:04 Double-Bit Axe
22:04 Scale Barding Armor
23:44 Stone Mining
24:47 Horse Collar
27:15 Bloodlines
31:31 Bow Saw
32:39 Wheelbarrow
32:44 Husbandry
38:47 Chain Barding Armor
38:29 Gold Mining
38:57 Tusk Swords
38:58 Light Cavalry
47:36 Imperial Age
48:05 Fletching
53:23 Ballistics
54:16 Chemistry
56:39 Cavalier
Redboof
5:10 Loom
9:59 Feudal Age
14:28 Double-Bit Axe
16:47 Fletching
22:45 Castle Age
20:56 Horse Collar
24:11 Crossbowman
34:12 Bodkin Arrow
34:46 Padded Archer Armor
37:57 Bow Saw
40:56 Ballistics
41:13 Gold Mining
42:11 Leather Archer Armor
47:27 Yeomen
56:46 Imperial Age
59:06 Conscription
59:52 Chemistry
58:28 Elite Longbowman
59:15 Warwolf
60:48 Bracer
61:19 Ring Archer Armor
61:07 Siege Engineers
61:05 Murder Holes
61:39 Onager
Special_K_1994
5:11 Loom
10:55 Feudal Age
15:00 Double-Bit Axe
19:58 Castle Age
20:30 Pikeman
21:12 Squires
20:37 Crossbowman
21:24 Husbandry
21:24 Stone Mining
23:21 Bow Saw
28:01 Forging
35:10 Scale Barding Armor
34:56 Fletching
36:37 Wheelbarrow
35:48 Town Watch
38:48 Hand Cart
40:01 Iron Casting
41:17 Town Patrol
41:07 Light Cavalry
41:43 Gold Mining
44:55 Imperial Age
45:06 Gold Shaft Mining
45:20 Elite Throwing Axeman
45:48 Cavalier
48:16 Chivalry
49:16 Halberdier
54:55 Ordonnance Companies
55:58 Conscription
56:13 Hoardings
56:43 Chemistry
56:03 Ballistics
56:00 Fortified Wall
55:46 Murder Holes
55:34 Treadmill Crane
59:07 Siege Engineers
59:12 Masonry
59:35 Chain Barding Armor
59:16 Scale Mail Armor
60:17 Blast Furnace
59:13 Bodkin Arrow
59:18 Padded Archer Armor
60:02 Elite Skirmisher
61:20 Plate Barding Armor
63:45 Architecture
64:52 Paladin
Connection lost

Rejoining the realm…

Still unreachable

The connection could not be restored.

Session expired

The server has moved on; the page needs a fresh start.